 Dungeon Crawl Stone Soup version 0.31.0-11-ge490571c62 (webtiles) character file.

Game seed: 13478161588488085340

171 qw the Ducker (level 5, -3/27 HPs)
             Began as a Spriggan Hunter on Feb 3, 2024.
             Slain by Edmund
             ... wielding a +4 flail of holy wrath
              (10 damage)
             ... on level 4 of the Dungeon.
             The game lasted 00:00:10 (2209 turns).

qw the Ducker (Spriggan Hunter)                     Turns: 2209, Time: 00:00:10

Health: -3/27      AC:  2    Str:  7    XL:     5   Next: 26%
Magic:  6/6        EV: 22    Int: 11    God:
Gold:   142        SH:  0    Dex: 24    Spells: 4/4 levels left

rFire   . . .        a - +0 shortbow
rCold   . . .        (shield currently unavailable)
rNeg    . . .        f - +0 robe of Okawaru's Supremacy {Dex+4}
rPois   .            (helmet restricted)
rElec   .            (no cloak)
rCorr   .            (gloves unavailable)
SInv    +            (boots unavailable)
Will    .....        (no amulet)
Stlth   ++           (no ring)
HPRegen 0.24/turn    (no ring)
MPRegen 0.10/turn

%: no passive effects
@: hasted, very quick
A: very small, no large weapons, unfitting armour, see invisible, speed 3
a: no special abilities


You were on level 4 of the Dungeon.
You visited 1 branch of the dungeon, and saw 4 of its levels.

You collected 142 gold pieces.


Innate Abilities, Weirdness & Mutations

You are very small and have problems with some larger weapons.
You are too small for most types of armour.
You have supernaturally acute eyesight. (SInv)
You cover ground extremely quickly. (Speed+++)


   Skills:
 - Level 2.3 Fighting
 - Level 5.0 Ranged Weapons
 + Level 5.5 Dodging
 - Level 1.5 Stealth


You had 4 spell levels left.
You didn't know any spells.
Your spell library was empty.

Inventory:

Hand Weapons
 a - a +0 shortbow (weapon)
Armour
 f - the +0 robe of Okawaru's Supremacy (worn) {Dex+4}
   (You found it on level 3 of the Dungeon)

   Dex+4:     It affects your dexterity (+4).
Scrolls
 b - 4 scrolls of identify
 d - a scroll of teleportation {unknown}
 g - a scroll of brand weapon {unknown}
Potions
 c - a potion of degeneration {unknown}
 e - a potion of haste
 i - a potion of curing

Dungeon Overview and Level Annotations

Branches:
Dungeon (4/15)
 Temple: D:4-7

Altars:

Shops:
D:2 [

Annotations:
D:3 exclusion: 2 goblins
D:4 Edmund


Message History

You kill the hobgoblin!
Things that are here:
a +0 short sword; 2 poisoned darts; a kobold corpse A quokka comes into view.
You shoot an arrow. The arrow hits the quokka!
You kill the quokka!
Edmund the Younger comes into view.
He is wielding a +4 flail of holy wrath.
Found 9 gold pieces.
2198 ||| DRINKING 2 potions of haste.
You feel yourself speed up.
Edmund shouts!
An ogre comes into view. It is wielding a +0 giant spiked club.
You shoot an arrow. The arrow barely misses Edmund.
The ogre shouts!
You shoot an arrow. The arrow hits Edmund.
Edmund is lightly wounded.
You shoot an arrow. The arrow hits Edmund!
Edmund is moderately wounded.
You shoot an arrow. The arrow hits Edmund.
Edmund is heavily wounded.
You shoot an arrow. The arrow barely misses Edmund.
The arrow hits the ogre!
The ogre is moderately wounded.
You shoot an arrow. The arrow completely misses Edmund.
The arrow hits the ogre.
The ogre is heavily wounded.
You shoot an arrow. The arrow hits Edmund.
Edmund is heavily wounded.
Edmund closely misses you.
You shoot an arrow. The arrow barely misses the ogre.
Edmund hits you with a +4 flail of holy wrath!
The ogre completely misses you.
You shoot an arrow. The arrow hits the ogre.
The ogre is heavily wounded.
You shoot an arrow. The arrow hits the ogre.
The ogre is heavily wounded.
Edmund hits you with a +4 flail of holy wrath!
You shoot an arrow. The arrow hits the ogre.
The ogre is severely wounded.
The ogre misses you.
Edmund hits you with a +4 flail of holy wrath!
You die...
Edmund says, "I'd like to see a scythe do that!"

#.. ##... .....$.#..
...####...#
........####..#.....#
#........#.....<.#..# ##
#%..............###>.
#..#................#...
.........#...#..........
.......!.#..............
......@@................
......O...#.............
......###.#.............
...........##...........
............#.....##....
.......###........##....
.......###.)..#....##.##
.....#..).....#....##..
..$#........#....#....


You could see Edmund and an ogre.

Vanquished Creatures
  A jelly (D:4)
  An orc wizard (D:3)
  3 adders
  A ribbon worm (D:2)
  2 dart slugs
  7 orcs (D:3)
  5 bats
  4 endoplasms
  6 giant cockroaches
  6 goblins
  9 hobgoblins
  A jackal (D:3)
  5 kobolds
  5 quokkas
  10 ball pythons
  2 frilled lizards (D:1)
  2 rats
70 creatures vanquished.

Notes
Turn   | Place    | Note
-------+----------+-------------------------------------------
     0 | D:1      | qw the Spriggan Hunter began the quest for the Orb.
     0 | D:1      | Reached XP level 1. HP: 10/10 MP: 2/2
     0 | D:1      | 0 ||| qw: Version: 0.3-a-157-g843a77d
     0 | D:1      | 0 ||| qw: Game counter: 3810
     0 | D:1      | 0 ||| qw: Melee chars always use a shield: true
     0 | D:1      | 0 ||| qw: God list: Okawaru
     0 | D:1      | 0 ||| qw: Allow faded altars: false
     0 | D:1      | 0 ||| qw: Do Orc after clearing Dungeon:15 true
     0 | D:1      | 0 ||| qw: Do second Lair branch before Depths: true
     0 | D:1      | 0 ||| qw: Lair rune preference: random
     0 | D:1      | 0 ||| qw: Goals: Normal
     0 | D:1      | 0 ||| PLANNING D:1-11
    12 | D:1      | Reached skill level 3 in Dodging
    49 | D:1      | Reached XP level 2. HP: 14/14 MP: 3/3
   447 | D:1      | 447 ||| READING scroll labelled KEFEAC MAN DOJ.
   448 | D:1      | 448 ||| DROPPING scroll of butterflies.
   481 | D:2      | 481 ||| STAIRDANCE
   486 | D:2      | Reached XP level 3. HP: 18/18 MP: 4/4
   531 | D:2      | Found a faded altar of an unknown god.
   774 | D:2      | Found Nylodaji's Antique Armour Boutique.
   783 | D:2      | 783 ||| SHOPLISTING cloak (121 gold, have 93).
   938 | D:2      | 938 ||| READING scroll labelled WUSI BOKKITAXU.
   939 | D:2      | 939 ||| READING scroll labelled QUELAURIUG.
   939 | D:2      | 939 ||| IDENTIFYING cyan potion
   940 | D:2      | 940 ||| READING scroll labelled WIOFUDU JIGG.
   941 | D:2      | 941 ||| DRINKING 2 grey potions.
   989 | D:2      | 989 ||| DROPPING potion of berserk rage.
   990 | D:2      | 990 ||| DROPPING potion of lignification.
  1091 | D:3      | Reached XP level 4. HP: 22/22 MP: 5/5
  1352 | D:3      | 1352 ||| RETREEEEATING.
  1597 | D:3      | Identified the +0 robe of Okawaru's Supremacy {Dex+4}
  2041 | D:3      | 2041 ||| UPGRADING to +0 robe of Okawaru's Supremacy
                  | {Dex+4}.
  2051 | D:3      | 2051 ||| DROPPING +0 robe.
  2052 | D:3      | 2052 ||| READING scroll of identify.
  2052 | D:3      | 2052 ||| IDENTIFYING 2 yellow potions
  2053 | D:3      | 2053 ||| READING scroll labelled GEENUJAUNI.
  2054 | D:3      | 2054 ||| DRINKING 2 black potions.
  2142 | D:4      | Reached XP level 5. HP: 26/26 MP: 6/6
  2197 | D:4      | Noticed Edmund
  2198 | D:4      | 2198 ||| DRINKING 2 potions of haste.
  2198 | D:4      | Noticed an ogre
  2208 | D:4      | HP: 6/27 [Edmund/+4 flail of holy wrath (9)]
  2209 | D:4      | Slain by Edmund

Levels and vault maps discovered:
D:1:      heliophobic_arrival_battle_scene, layout_rooms, st_stairs_2
D:2:      layout_rooms, chequers_ecumenical_altar_simple, serial_shops, shop,
          minmay_misc_feat_more_columns
D:3:      kennysheep_goblin_castle, layout_loops_corners,
          chequers_serial_rivers_room_a, uniq_ijyb
D:4:      layout_cave_pools, gammafunk_temple_overflow_wave, uniq_edmund

Skill      XL: |  1  2  3  4  5 |
---------------+----------------+-----
Dodging        | 3 4 5 |  5.5
Ranged Weapons | 5 |  5.0
Fighting       | 2 |  2.3
Stealth        | |  1.5

Action                     |  1- 3 |  4- 6 || total
---------------------------+-------+-------++-------
   Fire: Shortbow          |   101 |    89 ||   190
    Use: Scroll            |     4 |     2 ||     6
         Potion            |     1 |     2 ||     3
 Armour: Robe              |     6 |    16 ||    22
  Dodge: Dodged            |    19 |    28 ||    47

Table legend:
 A = Non-vault XP
 B = Vault XP
 C = Vault XP percentage of total XP
 D = Non-vault monster count
 E = Vault monster count
 F = Vault count percentage of total count
                 A         B        C        D         E       F
            +---------+---------+-------+---------+---------+-------
      Total |     237 |       8 |   3.3 |      66 |       4 |   5.7
            +---------+---------+-------+---------+---------+-------
        D:1 |      37 |       2 |   5.1 |      22 |       1 |   4.3
        D:2 |      47 |       0 |   0.0 |      16 |       0 |   0.0
        D:3 |      96 |       6 |   5.9 |      18 |       3 |  14.3
        D:4 |      57 |       0 |   0.0 |      10 |       0 |   0.0
            +---------+---------+-------+---------+---------+-------
